 Dungeon Sprint DCSS version 0.17.1-1-g73c8601 (webtiles) character file.

7 hexophile the Cudgeler (level 1, 0/19 HPs)
             Began as a Minotaur Berserker on Dec 25, 2015.
             Was a Believer of Trog.
             Splashed by an oklob sapling's acid (9 damage)
             ... in the Dungeon (Sprint IV: "Fedhas' Mad Dash").
             The game lasted 00:00:18 (227 turns).

hexophile the Cudgeler (Minotaur Berserker)          Turns: 227, Time: 00:00:18

Health: 0/19       AC:  2    Str: 21    XL:     1   Next: 91%
Magic:  0/0        EV: 12    Int:  4    God:    Trog [**....]
Gold:   0          SH:  0    Dex:  9    Spells: 0 memorised, 0 levels left

rFire  . . .     SeeInvis .     a - +0 mace
rCold  . . .     Clarity  .     b - +0 animal skin
rNeg   . . .     SustAt   .     (no shield)
rPois  .         Gourm    .     (helmet restricted)
rElec  .         Spirit   .     (no cloak)
rCorr  .         Warding  .     (no gloves)
rMut   .         NoTele   +     (no boots)
MR     .....                    (no amulet)
Stlth  +.........               (no ring)
                                (no ring)

@: not resistant to hostile enchantments, very unstealthy
A: retaliatory headbutt, horns 2
a: Berserk, Trog's Hand, Burn Spellbooks, Renounce Religion


You were in the Dungeon.
You worshipped Trog.
Trog was pleased with you.
You were not hungry.

You visited 1 branch


Innate Abilities, Weirdness & Mutations

You reflexively headbutt those who attack you in melee.
You have a pair of horns on your head.

Inventory:

Hand Weapons
 a - a +0 mace (weapon)
Armour
 b - a +0 animal skin (worn)
Scrolls
 i - a scroll of blinking
Potions
 d - a potion of curing
 e - a potion of heal wounds
 f - a potion of haste
 g - 2 potions of magic
 h - a potion of berserk rage
Comestibles
 c - a chunk of flesh
 r - a bread ration


You couldn't memorise any spells.
You didn't know any spells.


   Skills:
 - Level 3.6 Fighting
 + Level 5.9 Maces & Flails
 - Level 2.4 Armour
 - Level 2.1 Dodging

Dungeon Overview and Level Annotations

Branches:
Dungeon (1/1)

Altars:

Annotations:
D exclusion: oklob sapling

Vault maps used:
D:        dungeon_sprint_fedhas
You       could see an oklob sapling.


Message History

Trog accepts your kill.
Your Maces & Flails skill gained 2 levels and is now at level 5!
You bludgeon the rat!!
You kill the rat!
Trog accepts your kill.
You can now call upon Trog for regeneration and protection from hostile enchantments.
There is an open door here.
Things that are here:
a rat corpse; a river rat corpse Unknown command.
You feel a strong urge to attack something.
There isn't anything here!
There is an open door here.
Things that are here:
a rat corpse; a river rat corpse You butcher the rat corpse.
You enjoyed that.
You are no longer berserk.
You are exhausted.
You feel yourself slow down.
c - a chunk of flesh
There is an open door here.
You see here a river rat corpse.
You lost 3 HP.
You have now: 6/19 HP.
You butcher the river rat corpse.
There is an open door here.
You see here an inedible chunk of flesh.
You start resting.
You feel yourself speed up.
Restored 2 HP.
You have now: 8/19 HP.
You see here a leather armour.
You start resting.
You feel less exhausted.
You start resting.
HP restored.
Restored 11 HP.
You have now: 19/19 HP.
You open the door.
Marking area around the oklob sapling as unsafe for travelling.
An oklob sapling comes into view.
Found 35 gold pieces.
Really walk into a travel-excluded area? [Y]es or [N]o only, please.
Really walk into a travel-excluded area?
Uppercase [Y]es or [N]o only, please.
Really walk into a travel-excluded area?
Okay, then.
Really walk into a travel-excluded area?
The oklob sapling spits acid at you. The splash of acid hits you!
Ouch! That really hurt!
The acid burns!
You die...

Action                   || total
-------------------------++-------
Melee: Mace              ||     3
Invok: Berserk           ||     1

Notes
Turn   | Place    | Note
--------------------------------------------------------------
     0 | D        | hexophile the Minotaur Berserker began the quest for the Orb.
     0 | D        | Reached XP level 1. HP: 19/19 MP: 0/0
    12 | D        | Reached skill level 5 in Maces & Flails
    13 | D        | Reached ** piety under Trog
   225 | D        | Noticed an oklob sapling
   227 | D        | Splashed by an oklob sapling's acid

Table legend:
 A = Turns spent in this place as a percentage of turns spent in the entire game.
 B = Non-inter-level travel turns spent in this place as a percentage of non-inter-level travel turns spent in the entire game.
 C = Inter-level travel turns spent in this place as a percentage of turns spent in this place.
 D = Turns resting spent in this place as a percentage of non-inter-level travel turns spent in this place.
 E = Turns spent auto-exploring this place as a percentage of non-inter-level travel turns spent in this place.
 F = Non-inter-level travel turns spent in this place divided by the number of levels of this place that you've seen.
                   A       B       C       D       E      F
               +-------+-------+-------+-------+-------+----------------------
         Total | 100.0 | 100.0 |   0.0 |  17.1 |   0.0 |  35.0
       Dungeon | 100.0 | 100.0 |   0.0 |  17.1 |   0.0 |  35.0
               +-------+-------+-------+-------+-------+----------------------

Table legend:
 A = Kills in this place as a percentage of kills in entire the game.
 B = Kills by you in this place as a percentage of kills by you in the entire game.
 C = Kills by friends in this place as a percentage of kills by friends in the entire game.
 D = Other kills in this place as a percentage of other kills in the entire game.
 E = Experience gained in this place as a percentage of experience gained in the entire game.
 F = Experience gained in this place divided by the number of levels of this place that you have seen.
                   A       B       C       D       E      F
               +-------+-------+-------+-------+-------+----------------------
         Total | 100.0 | 100.0 |  -nan |  -nan | 100.0 |  11.0
       Dungeon | 100.0 | 100.0 |  -nan |  -nan | 100.0 |  11.0
               +-------+-------+-------+-------+-------+----------------------

Vanquished Creatures
  A river rat (D)
  A rat (D)
2 creatures vanquished.
